 Dungeon Crawl Stone Soup version 0.21-a0-221-gfe971b9 (webtiles) character file.

160 FrancescoMac the Skirmisher (level 5, -16/47 HPs)
             Began as a Draconian Berserker on Aug 25, 2017.
             Was a Believer of Trog.
             Demolished by Menkaure (19 damage)
             ... on level 4 of the Dungeon.
             The game lasted 00:08:32 (2365 turns).

FrancescoMac the Skirmisher (Draconian Berserker)   Turns: 2365, Time: 00:08:33

Health: -16/47     AC:  6    Str: 19    XL:     5   Next: 17%
Magic:  5/5        EV: 13    Int:  7    God:    Trog [**....]
Gold:   182        SH:  0    Dex: 12    Spells: 4/4 levels left

rFire    . . .     SeeInvis .   m - +0 long sword
rCold    . . .     Gourm    .   (no shield)
rNeg     . . .     Faith    .   (armour unavailable)
rPois    .         Spirit   .   (helmet restricted)
rElec    .         Reflect  .   (no cloak)
rCorr    .         Harm     .   r - +0 pair of gloves
MR       .....                  (no boots)
Stlth    ..........             (no amulet)
HPRegen  0.15/turn              s - ring of loudness (curse)
MPRegen  0.09/turn              l - ring of flight

@: no status effects
A: unfitting armour, cold-blooded, AC +5
a: Berserk, Trog's Hand, Burn Spellbooks, Renounce Religion, Evoke Flight


You were on level 4 of the Dungeon.
You worshipped Trog.
Trog was pleased with you.
You were not hungry.

You visited 1 branch of the dungeon, and saw 4 of its levels.

You collected 182 gold pieces.

Inventory:

Hand Weapons
 a - a +0 falchion
 m - a +0 long sword (weapon)
Armour
 d - a +0 pair of gloves
 r - a +0 pair of gloves (worn)
Jewellery
 j - a +5 ring of strength {unknown}
 l - a ring of flight (right hand)
 s - a cursed ring of loudness (left hand)
Wands
 t - a wand of lightning (6/15)
Scrolls
 i - 2 scrolls of remove curse
 k - a scroll of identify
Potions
 c - a potion of heal wounds
 e - a potion of resistance
 h - a potion of might
 n - a potion of haste {unknown}
 o - a potion of agility {unknown}
 p - a potion of cancellation {unknown}
Books
 f - a book of Cantrips

   Spells                             Type                      Level
   a - Confusing Touch                Hexes                        1
   b - Animate Skeleton               Necromancy                   1
   c - Summon Small Mammal            Summoning                    1
   d - Apportation                    Translocation                1
   Trog disapproves of the use of such an item.
Comestibles
 b - 2 bread rations
 g - a meat ration


   Skills:
 + Level 4.6 Fighting
 + Level 4.1 Long Blades
 + Level 3.7 Dodging


You had 4 spell levels left.
You didn't know any spells.

Dungeon Overview and Level Annotations

Branches:
Dungeon (4/15)
 Temple: D:4-7

Altars:

Annotations:
D:4 Menkaure


Innate Abilities, Weirdness & Mutations

Your plain brown scales are hard. (AC +5)
You cannot fit into any form of body armour.
You are cold-blooded and may be slowed by cold attacks.


Message History

Menkaure closely misses you.
You hit Menkaure but do no damage.
Menkaure is moderately damaged.
Menkaure closely misses you. Menkaure breathes soot at you. Menkaure hits you!
Menkaure calls on the powers of darkness!
Your body is wracked with pain!
Menkaure calls on the powers of darkness!
Your body is wracked with pain!
* * * LOW HITPOINT WARNING * * *
There is an escape hatch in the ceiling, spattered with blood here.
You hit Menkaure.
Menkaure is heavily damaged.
Menkaure hits you!
* * * LOW HITPOINT WARNING * * *
You barely miss Menkaure.
Menkaure is heavily damaged.
Menkaure hits you!!
You die...

.# . #. ##. #.#
..% #.# #.#
#####.# #.#
......#######.
#M#.###.........#.
#@#........%......
#.# ###.........##
#.# #.........##
#.# #........#..
#.#####...##...#.#
#.................
#######...######.#
##### #.# #.#


You could see Menkaure.

Vanquished Creatures
  A scorpion (D:4)
  5 adders
  A worm (D:3)
  2 dart slugs
  3 leopard geckos (D:2)
  2 giant cockroaches
  8 goblins
  4 hobgoblins
  4 jackals (D:1)
  11 kobolds
  2 quokkas
  6 bats
  7 rats
56 creatures vanquished.

Notes
Turn   | Place    | Note
-------+----------+-------------------------------------------
     0 | D:1      | FrancescoMac the Draconian Berserker began the quest for the Orb.
     0 | D:1      | Reached XP level 1. HP: 19/19 MP: 1/1
   102 | D:1      | Reached XP level 2. HP: 26/26 MP: 2/2
   595 | D:2      | Reached ** piety under Trog
   631 | D:2      | Reached XP level 3. HP: 18/33 MP: 3/3
  1270 | D:2      | Reached XP level 4. HP: 40/40 MP: 4/4
  2342 | D:4      | Reached XP level 5. HP: 47/47 MP: 5/5
  2356 | D:4      | Noticed Menkaure
  2364 | D:4      | HP: 2/47 [Menkaure (9)]
  2365 | D:4      | Demolished by Menkaure

Vault maps used:
D:1:      dpeg_arrival_boxorama
D:2:      first_bread
D:3:      serial_co_window_serial, co_window_paths_b, co_window_corner_a,
          co_window_paths_a, co_window_paths_a, co_window_paths_a,
          co_window_paths_a, co_window_of_opportunity_a,
          co_window_of_opportunity_c, co_window_2corner,
          co_window_of_opportunity_b, co_window_4corner_a, co_window_paths_e,
          glass_columns_a
D:4:      kennysheep_generic_room_13, uniq_edmund, uniq_menkaure

Skill      XL: |  1  2  3  4 |
---------------+-------------+-----
Dodging        | 3 |  3.7
Fighting       | 4 |  4.6
Long Blades    | 4 |  4.1

Action                   |  1- 3 |  4- 6 || total
-------------------------+-------+-------++-------
Melee: Falchion          |   104 |     1 ||   105
       Tailslap          |    10 |     6 ||    16
       Long sword        |       |    48 ||    48
  Use: Scroll            |     4 |     4 ||     8
 Stab: Sleeping          |     2 |     1 ||     3
  Eat: Chunk             |     1 |     1 ||     2
       Meat ration       |       |     1 ||     1
Armor: Skin              |    38 |    12 ||    50
Dodge: Dodged            |    92 |    39 ||   131
       Rpst.: Falchion   |    31 |       ||    31
       Long sword        |       |    13 ||    13

Table legend:
 A = Spawn XP
 B = Non-spawn XP
 C = Spawn XP percentage of total XP
 D = Spawn monster count
 E = Non-spawn monster count
 F = Spawn count percentage of total count
 G = Total turns spent on level
                    A         B        C        D         E        F      G
               +---------+---------+-------+---------+---------+-------+---------
         Total |      32 |     197 |  14.0 |      11 |      45 |  19.6 |  2365
               +---------+---------+-------+---------+---------+-------+---------
           D:1 |       2 |      26 |   7.1 |       1 |      15 |   6.2 |   540
           D:2 |      13 |      58 |  18.3 |       6 |      19 |  24.0 |   751
           D:3 |      17 |      41 |  29.3 |       4 |       9 |  30.8 |   955
           D:4 |       0 |      72 |   0.0 |       0 |       2 |   0.0 |   119
               +---------+---------+-------+---------+---------+-------+---------
